cohdb
Replays
Latest Replays
All Replays
Popular Replays
Top Player Replays
Match Explorer
How It Works
Community
CoH3 Stats
Reddit
Sign in to upload your games and track your stats! →
Sign in with Steam
Match 44136720
Unlisted
Match 44136720
Overview
Messages
Build Orders
End
Pioneer Squad
Selects Terror Battlegroup
Construct Infanterie Kompanie
Selects Machine Gun Camouflage
Selects Machine Gun Camouflage
MG 42 Machine Gun Team
MG 42 Machine Gun Team
MG 42 Machine Gun Team
MG 42 Machine Gun Team
Construct Luftwaffe Kompanie
Support Elements
Wirbelwind Flakpanzer
Medical Bunker
Jäger Squad
Side Skirts
Luftwaffe Officer Quarters
Jäger Squad
Wirbelwind Flakpanzer
Wirbelwind Flakpanzer
Jäger Squad
Selects Contempt for the Weak
Selects Jericho Trumpet
Marder III M Tank Destroyer
Pioneer Squad
Barbarossa
MähnGiL
0
0
Comments
sign in to comment!
No comments posted yet!